 Dungeon Crawl Stone Soup version 0.30-b1-2-g02819fbbbe (webtiles) character file.

Game seed: 18231722367560489261

6962 sanka the Zephyrmancer (level 11, -10/72 HPs)
             Began as a Kobold Air Elementalist on May 7, 2023.
             Was a Follower of Vehumet.
             Mangled by a boulder beetle (21 damage)
             ... on level 12 of the Dungeon.
             The game lasted 00:26:35 (13491 turns).

sanka the Zephyrmancer (Kobold Air Elementalist)   Turns: 13491, Time: 00:26:36

Health: -10/72     AC: 11    Str:  6    XL:     11   Next: 28%
Magic:  12/15      EV: 19    Int: 20    God:    Vehumet [*.....]
Gold:   404        SH:  5    Dex: 16    Spells: 6/16 levels left

rFire   + . .        a - +2 dagger (venom)
rCold   . . .        (no shield)
rNeg    . . .        G - +3 leather armour {rF+}
rPois   .            q - +0 helmet
rElec   .            E - +0 cloak
rCorr   .            P - +1 pair of gloves
SInv    +            F - +0 pair of boots
Will    .....        I - amulet of reflection
Stlth   +++          L - ring of see invisible
HPRegen 0.32/turn    (no ring)
MPRegen 0.14/turn

%: reflection
@: no status effects
A: small, no large weapons, nightstalker 3
a: Renounce Religion


You were on level 12 of the Dungeon.
You worshipped Vehumet.
Vehumet was aware of your devotion.
You visited 2 branches of the dungeon, and saw 11 of its levels.
You also visited: Ossuary.

You collected 404 gold pieces.

Inventory:

Hand Weapons
 a - a +2 dagger of venom (weapon)
 b - a +0 flail
 H - a +2 whip of electrocution
Missiles
 N - a curare-tipped dart {=f}
Armour
 e - a +0 pair of gloves
 g - a +0 robe
 q - a +0 helmet (worn)
 u - a +0 troll leather armour
 E - a +0 cloak (worn)
 F - a +0 pair of boots (worn)
 G - a +3 leather armour of fire resistance (worn)
 J - +0 steam dragon scales
 P - a +1 pair of gloves (worn)
Jewellery
 I - an amulet of reflection (around neck)
 L - a ring of see invisible (left hand)
Wands
 K - a wand of digging (2)
Scrolls
 d - 7 scrolls of teleportation {@r4}
 h - a scroll of enchant weapon
 j - 2 scrolls of noise {!r}
 k - 4 scrolls of poison {!r}
 m - a scroll of blinking
 o - 2 scrolls of magic mapping
 r - a scroll of amnesia
 v - a scroll of enchant armour
 w - a scroll of torment {!r}
 y - a scroll of brand weapon
 z - 4 scrolls of fear
 C - a scroll of vulnerability {!r}
 M - a scroll of silence {unknown}
 O - a scroll of acquirement {unknown}
Potions
 c - 6 potions of curing {@q1}
 f - a potion of berserk rage {unknown}
 i - 5 potions of flight {unknown}
 l - 2 potions of might {unknown}
 n - 2 potions of invisibility
 p - a potion of ambrosia {unknown}
 s - 2 potions of degeneration {unknown}
 t - 5 potions of haste {unknown}
 x - 4 potions of mutation {unknown}
 A - 3 potions of lignification {unknown}
 B - 4 potions of brilliance {unknown}
 D - a potion of resistance {unknown}
 Q - a potion of attraction {unknown}


   Skills:
 - Level 10.0 Fighting
 - Level 10.0 Dodging
 - Level 2.6 Stealth
 - Level 3.0 Spellcasting
 - Level 1.0 Conjurations
 + Level 11.6 Air Magic


You had 6 spell levels left.
You knew the following spells:

 Your Spells              Type           Power      Damage    Failure   Level
a - Shock                 Conj/Air       100%       1d9       1%          1
b - Static Discharge      Conj/Air       56%        2-5/arc   2%          2
c - Airstrike             Air            24%        2d(4-20)  1%          4
d - Swiftness             Air            49%        N/A       1%          3

Your spell library contained the following spells:

 Spells                   Type           Power      Damage    Failure   Level
 Kiss of Death            Conj/Necr      20%        2d7       19%         1
 Summon Lightning Spire   Summ/Air       26%        N/A       21%         4
 Apportation              Tloc           6%         N/A       22%         1
 Necrotise                Necr           12%        1d4       22%         1
 Summon Small Mammal      Summ           12%        N/A       22%         1
 Ozocubu's Armour         Ice            3%         N/A       54%         3
 Ozocubu's Refrigeration  Ice            1%         4d7       100%        7


Dungeon Overview and Level Annotations

Branches:
Dungeon (12/15)            Temple (1/1) D:7            Lair (0/5) D:9
Ossuary (visited)
    Orc: D:9-12

Altars:
Ashenzari
Cheibriados
Dithmenos
Elyvilon
Fedhas
Gozag
Hepliaklqana
Kikubaaqudgha
Makhleb
Nemelex Xobeh
Okawaru
Qazlal
Ru
Sif Muna
Trog
Uskayaw
Vehumet
Xom
Yredelemnul
Zin
The Shining One

Shops:
D:4 *   D:8 (

Annotations:
D:2 1 runed translucent door, Crazy Yiuf
D:12 exclusion: deep elf pyromancer


Innate Abilities, Weirdness & Mutations

You are small and have problems with some larger weapons.
You are completely attuned to the shadows.


Message History

Casting: Shock (safe; 1% risk of failure)
Confirm with . or Enter, or press ? or * to list all spells.
Aiming: Airstrike (dangerous; 2% risk of failure)
Press: ? - help, Dir - move target, f/p - deep elf pyromancer
Aim: a deep elf pyromancer, wielding a +0 long sword (lightly wounded, empty space bonus: 6/8)
The air twists around and strikes the deep elf pyromancer!!
The deep elf pyromancer is severely wounded.
Unknown command.
Casting: Airstrike (dangerous; 2% risk of failure)
Confirm with . or Enter, or press ? or * to list all spells.
Aiming: Airstrike (dangerous; 2% risk of failure)
Press: ? - help, Dir - move target, f/p - deep elf pyromancer
Aim: a deep elf pyromancer, wielding a +0 long sword (severely wounded, empty space bonus: 5/8)
The air twists around and strikes the deep elf pyromancer!!
You kill the deep elf pyromancer!
Vehumet accepts your kill.
You feel your power returning.
Unknown command.
You start resting.
A boulder beetle comes into view.
The boulder beetle curls into a ball and begins rolling!
The boulder beetle hits you!!!
Ouch! That really hurt!
The boulder beetle stops rolling and uncurls.
You hit the boulder beetle.
The boulder beetle is poisoned.
The boulder beetle is lightly wounded.
The boulder beetle bites you.
You barely miss the boulder beetle.
The boulder beetle is lightly wounded.
The boulder beetle bites you!
* * * LOW HITPOINT WARNING * * *
You hit the boulder beetle but do no damage.
The boulder beetle is lightly wounded.
The boulder beetle bites you.
* * * LOW HITPOINT WARNING * * *
You hit the boulder beetle but do no damage.
The boulder beetle looks even sicker.
The boulder beetle is lightly wounded.
The boulder beetle bites you!!
You die...

.. ##. ..#
####..#..#
#.^..#)...
#.###..#
####.....##
#.....B.##
#....@..#
#.......#
#########


You could see a boulder beetle (very poisoned).

Vanquished Creatures
  Pikel (D:4)
  A deep elf pyromancer (D:12)
  Maggie (D:7)
  Sigmund (D:4)
  6 humans
  6 yaks (D:9)
  Eustachio (D:6)
  Duvessa (D:5)
  A black bear (D:5)
  2 ice beasts
  2 orc warriors (D:9)
  A sky beast (D:8)
  3 ogres
  4 centaurs
  A lemure (D:4)
  A phantom (D:4)
  2 bullfrogs
  A kobold brigand (D:8)
  An elf zombie (D:5)
  2 scorpions (D:5)
  An elf skeleton (D:5)
  5 wights (D:8)
  Dowan (D:5)
  11 killer bees
  5 howler monkeys
  3 human skeletons (D:5)
  A human zombie (D:5)
  A gnoll bouda (D:7)
  2 orc priests
  6 hounds
  A jelly (D:5)
  2 sleepcaps
  2 iguanas
  6 orc wizards
  12 mummies (Ossuary)
  11 adders
  8 gnolls
  3 white imps
  2 worms
  7 dart slugs
  17 orcs
  6 ball pythons
  5 bats
  3 endoplasms
  4 giant cockroaches
  10 goblins
  6 hobgoblins
  3 jackals (D:4)
  3 quokkas
  3 frilled lizards (D:1)
  4 gnoll skeletons (Ossuary)
  A goblin skeleton (Ossuary)
  14 kobolds
  6 orc skeletons
  2 orc zombies (D:5)
  2 rats
  11 rat skeletons (Ossuary)
229 creatures vanquished.

Vanquished Creatures (others)
  16 plants (D:5)
16 creatures vanquished.

Grand Total: 245 creatures vanquished

Notes
Turn   | Place    | Note
-------+----------+-------------------------------------------
     0 | D:1      | sanka the Kobold Air Elementalist began the quest for the
                  | Orb.
     0 | D:1      | Reached XP level 1. HP: 10/10 MP: 3/3
   271 | D:1      | Reached XP level 2. HP: 15/15 MP: 1/5
   317 | D:1      | Learned a level 2 spell: Static Discharge
   729 | D:1      | Reached XP level 3. HP: 19/19 MP: 4/7
  1466 | D:2      | Reached skill level 4 in Air Magic
  1466 | D:2      | Reached XP level 4. HP: 24/24 MP: 8/8
  2248 | D:2      | Reached XP level 5. HP: 27/28 MP: 3/9
  2302 | D:2      | Learned a level 4 spell: Airstrike
  2539 | D:2      | Reached skill level 5 in Air Magic
  2933 | D:2      | Found a runed translucent door.
  2936 | D:2      | Noticed Crazy Yiuf
  4006 | D:3      | Found an ancient bone altar of Kikubaaqudgha.
  4204 | D:3      | Found a sparkling altar of Nemelex Xobeh.
  4205 | D:3      | Found an opulent altar of Gozag.
  4205 | D:3      | Found a blossoming altar of Fedhas.
  4369 | D:4      | Learned a level 3 spell: Swiftness
  4426 | D:4      | Noticed a phantom
  4458 | D:4      | Killed a phantom
  4459 | D:4      | Reached skill level 6 in Air Magic
  4459 | D:4      | Reached XP level 6. HP: 32/32 MP: 3/10
  4554 | D:4      | Found Fevegoth's Assorted Antiques.
  4805 | D:4      | Noticed Sigmund
  5316 | D:4      | Killed Sigmund
  5317 | D:4      | Reached skill level 7 in Air Magic
  5317 | D:4      | Reached XP level 7. HP: 36/36 MP: 1/11
  5507 | D:4      | Noticed Pikel
  5525 | D:4      | Killed Pikel
  5526 | D:4      | Reached skill level 9 in Air Magic
  5526 | D:4      | Reached XP level 8. HP: 11/41 MP: 0/12
  5875 | D:5      | Entered Level 5 of the Dungeon
  5947 | D:5      | Reached skill level 10 in Air Magic
  5963 | D:5      | Reached skill level 1 in Fighting
  6097 | D:5      | Reached XP level 9. HP: 45/49 MP: 13/13
  6127 | D:5      | Noticed Duvessa
  6129 | D:5      | Noticed Dowan
  6145 | D:5      | Killed Duvessa
  6157 | D:5      | Killed Dowan
  6267 | D:5      | Reached skill level 5 in Dodging
  6401 | D:5      | Found a sand-covered staircase.
  6480 | Ossuary  | Entered an ossuary
  6578 | Ossuary  | Reached skill level 5 in Fighting
  8079 | D:5      | Found a glowing silver altar of Zin.
  8535 | D:6      | Noticed Eustachio
  8558 | D:6      | Killed Eustachio
  8988 | D:6      | Reached XP level 10. HP: 61/61 MP: 11/14
  9784 | D:7      | Noticed Maggie
  9790 | D:7      | Killed Maggie
 10071 | D:7      | Found a staircase to the Ecumenical Temple.
 10077 | Temple   | Entered the Ecumenical Temple
 10296 | Temple   | Became a worshipper of Vehumet
 11192 | D:8      | Found a hide-covered altar of Uskayaw.
 11398 | D:8      | Reached * piety under Vehumet
 11398 | D:8      | Offered knowledge of Kiss of Death by Vehumet.
 11453 | D:8      | Found a stormy altar of Qazlal.
 11456 | D:8      | Found a snail-covered altar of Cheibriados.
 11458 | D:8      | Found an iron altar of Okawaru.
 11904 | D:8      | Found Taot's Antique Weapon Shoppe.
 12258 | D:8      | Reached skill level 10 in Dodging
 12673 | D:9      | Reached skill level 10 in Fighting
 12938 | D:9      | Found a staircase to the Lair.
 13059 | D:9      | Reached XP level 11. HP: 58/72 MP: 15/15
 13216 | D:9      | Reached skill level 11 in Air Magic
 13344 | D:9      | Found a white marble altar of Elyvilon.
 13459 | D:9      | You fall into a shaft and drop 3 floors!
 13467 | D:12     | Noticed a deep elf pyromancer
 13480 | D:12     | Killed a deep elf pyromancer
 13481 | D:12     | Noticed a boulder beetle
 13491 | D:12     | Mangled by a boulder beetle

Illustrated notes

Levels and vault maps discovered:
D:1:      scummos_arrival_star, layout_loops_ring
D:2:      layout_basic, solitary_fountain, hangedman_decor_slide_cut,
          uniq_crazy_yiuf_cottage
D:3:      layout_rooms, mainiacjoe_overflow_alcove_3
D:4:      layout_basic, serial_shops, nicolae_shop_tiny_glass,
          corexii_item_surrounded_by_moat, chequers_serial_rivers_large_a,
          hangedman_minor_gate_pass, uniq_pikel, uniq_sigmund
D:5:      layout_loops_ring, mainiacjoe_overflow_cross_hatched,
          nicolae_ossuary_entry_catacombs, uniq_duvessa
D:6:      layout_basic, kennysheep_another_room, uniq_eustachio
D:7:      layout_cave_pools, minmay_temple_entry_large_hall,
          minmay_unpleasant_kobolds, uniq_maggie
D:8:      layout_basic, mainiacjoe_overflow_six_doors_small,
          gammafunk_temple_overflow_forgotten, serial_shops,
          kennysheep_mini_moat
D:9:      layout_roguey, elyvilon_altar_1, dpeg_oklobed_lair, minmay_ruffians
D:12:     layout_rooms, minmay_door_square, uniq_josephine
Temple:   chequers_temple_sunken

Skill      XL: |  1  2  3  4  5  6  7  8  9 10 11 |
---------------+----------------------------------+-----
Spellcasting   | 3 |  3.0
Air Magic      | 4 6 7 9 10 11 | 11.6
Fighting       | 2 6 10 | 10.0
Dodging        | 4 7 10 | 10.0
Stealth        | |  2.6
Conjurations   | |  1.0

Action                     |  1- 3 |  4- 6 |  7- 9 | 10-12 || total
---------------------------+-------+-------+-------+-------++-------
  Melee: Unarmed           |    14 |       |       |       ||    14
         Dagger            |    12 |    50 |   347 |   168 ||   577
         Punch             |       |       |     7 |     1 ||     8
         Flail             |       |       |    23 |       ||    23
         Whip              |       |       |       |    11 ||    11
   Cast: Shock             |    58 |   107 |    61 |   137 ||   363
         Static Discharge  |       |       |    18 |    14 ||    32
         Airstrike         |       |       |    26 |     7 ||    33
    Use: Potion            |       |       |     3 |       ||     3
         Scroll            |       |       |     7 |     5 ||    12
   Stab: Sleeping          |       |       |    12 |     7 ||    19
 Armour: Robe              |     5 |     6 |       |       ||    11
         Troll leather arm |       |     6 |    68 |       ||    74
         Leather armour    |       |       |    16 |    63 ||    79
  Dodge: Dodged            |    24 |    51 |   239 |   263 ||   577
  Block: Other             |       |       |       |    23 ||    23
         Reflection        |       |       |       |     4 ||     4
